 Dungeon Crawl Stone Soup version 0.21.1-1-g345015fe64 (webtiles) character file.

4050 Loge the Grappler (level 10, 0/100 HPs)
             Began as a Troll Monk on July 18, 2018.
             Was an Elder of Yredelemnul.
             Slain by a centaur (4 damage)
             ... on level 8 of the Dungeon.
             The game lasted 00:19:18 (6142 turns).

Loge the Grappler (Troll Monk)                      Turns: 6142, Time: 00:19:18

Health: 0/100      AC:  6    Str: 22    XL:     10   Next: 4%
Magic:  3/12       EV: 13    Int:  6    God:    Yredelemnul [****..]
Gold:   402        SH:  9    Dex: 14    Spells: 9/9 levels left

rFire    . . .     SeeInvis .     - Unarmed
rCold    . . .     Gourm    +   y - +0 shield
rNeg     . . .     Faith    .   a - +0 robe
rPois    .         Spirit   .   (helmet restricted)
rElec    .         Reflect  .   f - +0 cloak
rCorr    .         Harm     .   (gloves unavailable)
MR       .....                  (boots unavailable)
Stlth    +.........             (no amulet)
HPRegen  0.66/turn              A - +4 ring of evasion
MPRegen  0.13/turn              J - ring of loudness (curse)

@: lethally poisoned (0 -> -1)
A: large, unfitting armour, claws 3, fast metabolism 3, gourmand, regeneration
1, shaggy fur 1, tough skin 2
a: Recall Undead Slaves, Injury Mirror, Animate Dead, Drain Life, Renounce
Religion


You were on level 8 of the Dungeon.
You worshipped Yredelemnul.
Yredelemnul was greatly pleased with you.
You were very full.

You visited 2 branches of the dungeon, and saw 9 of its levels.
You also visited: Ossuary.

You collected 402 gold pieces.

Inventory:

Hand Weapons
 i - a +1 whip of electrocution
Missiles
 j - 160 stones (quivered)
 z - a throwing net
Armour
 a - a +0 robe (worn)
 f - a +0 cloak (worn)
 y - a +0 shield (worn)
Jewellery
 s - an uncursed ring of wizardry
 A - a +4 ring of evasion (left claw)
 D - an uncursed ring of magical power
 H - an uncursed ring of protection from fire
 I - an uncursed ring of see invisible
 J - a cursed ring of loudness (right claw)
Wands
 w - a wand of flame (88)
 G - a wand of scattershot (6)
Scrolls
 d - a scroll of magic mapping {unknown}
 g - 5 scrolls of identify
 h - 9 scrolls of teleportation
 k - 2 scrolls of enchant weapon {unknown}
 m - a scroll of fog {unknown}
 o - 6 scrolls of remove curse {unknown}
 p - a scroll of fear {unknown}
 u - a scroll of noise {unknown}
 v - 2 scrolls of amnesia
 B - a scroll of blinking {unknown}
 C - a scroll of enchant armour {unknown}
 E - a scroll of vulnerability {unknown}
Potions
 c - 12 potions of curing
 e - a potion of might
 l - a potion of lignification {unknown}
 n - 2 potions of heal wounds {unknown}
 q - a potion of haste
 r - a potion of mutation
 t - 4 potions of agility {unknown}
 x - 2 potions of flight {unknown}
 F - a potion of brilliance {unknown}
Comestibles
 b - 17 rations


   Skills:
 + Level 6.6 Fighting
 - Level 2.4 Dodging
 - Level 1.0 Stealth
 + Level 3.6 Shields
 * Level 10.8 Unarmed Combat
 + Level 4.4 Invocations


You had 9 spell levels left.
You didn't know any spells.

Dungeon Overview and Level Annotations

Branches:
Dungeon (8/15)             Temple (1/1) D:6
   Lair: D:8-11

Altars:
Ashenzari
Elyvilon
Fedhas
Gozag
Hepliaklqana
Kikubaaqudgha
Makhleb
Nemelex Xobeh
Qazlal
Ru
Sif Muna
Trog
Uskayaw
Vehumet
Wu Jian
Xom
Yredelemnul
Zin
The Shining One

Shops:
D:7 :


Innate Abilities, Weirdness & Mutations

You are too large for most types of armour.
You have claws for hands.
Your metabolism is lightning-fast.
You like to eat raw meat.
Your natural rate of healing is unusually fast.
You are covered in fur. (AC +1)
You have very tough skin. (AC +2)


Message History

You block the killer bee's attack. The centaur closely misses you.
You block the killer bee's attack. The killer bee closely misses you.
The centaur closely misses you.
You scratch the centaur.
The centaur is almost dead.
You feel sick. You block the killer bee's attack.
The killer bee closely misses you. The killer bee barely misses you.
The centaur hits you.
* * * LOW HITPOINT WARNING * * *
Your orc zombie closely misses the centaur.
Your orc wizard zombie hits the centaur but does no damage.
You block the killer bee's attack.
Your shield prevents you from hitting the killer bee.
The killer bee is severely wounded.
The killer bee closely misses you. The killer bee stings you.
* * * LOW HITPOINT WARNING * * *
You are more poisoned.
The killer bee poisons you! The centaur hits you.
You die...
Your body rises from the dead as a mindless zombie.

.###.#####
#[#.Z.#.##.#
## #...
#[..#.#.##.#
#.###
#.....#.##.#
#.#
#.....#.##.#
#.#
#.....#..Zz#
###
#.......####
###.#...#
#.#...#
.#@cZ#########
#yyZ.........
###>#########
#..# ...y.
#.#....# #.
###... #.
#...# . ##...


You could see a centaur, 2 killer bees, a friendly orc zombie and a friendly orc
wizard zombie.

Vanquished Creatures
  A centaur zombie (D:7)
  A queen bee (D:8)
  Duvessa (D:5)
  3 orc warriors
  An ice beast (D:5)
  5 ogres
  3 centaurs
  The ghost of Gunterle the Skirmisher, an amateur OpFi (D:3)
  3 bullfrogs (D:7)
  A water moccasin skeleton (D:3)
  Dowan (D:5)
  5 killer bees (D:8)
  8 wights
  3 howler monkeys (D:7)
  2 crimson imps
  5 jellies
  2 bullfrog skeletons
  A bullfrog zombie (D:8)
  A centaur skeleton (D:7)
  4 orc priests
  3 hounds
  An iguana (D:4)
  9 orc wizards
  2 worker ants
  3 mummies (Ossuary)
  A howler monkey zombie (D:5)
  A worker ant zombie (D:6)
  5 gnolls (D:5)
  A howler monkey skeleton (D:6)
  5 adders
  A shadow imp (D:6)
  3 oozes
  An adder skeleton (D:5)
  3 adder zombies (Ossuary)
  A worm (D:3)
  2 dart slugs
  5 leopard geckos
  26 orcs
  10 bats
  4 giant cockroaches
  2 gnoll zombies (Ossuary)
  6 hobgoblins
  3 jackals (D:3)
  5 ball pythons
  6 frilled lizards
  11 goblins
  2 goblin zombies (Ossuary)
  4 hobgoblin zombies (Ossuary)
  A jackal zombie (D:5)
  10 kobolds
  2 kobold zombies (Ossuary)
  2 quokka zombies (Ossuary)
  14 rats
  3 rat zombies (Ossuary)
210 creatures vanquished.

Vanquished Creatures (collateral kills)
  A phantom (D:8)
  A centaur (D:8)
  A bullfrog (D:8)
  6 killer bees (D:8)
  An iguana (D:5)
  A gnoll (D:5)
  A leopard gecko (D:8)
  A hobgoblin (D:8)
13 creatures vanquished.

Vanquished Creatures (others)
  4 flying skulls (D:8)
  2 centaur zombies
  A killer bee zombie (D:8)
  An ogre skeleton (D:5)
  A mummy (D:7)
  An adder zombie (D:7)
  A hobgoblin zombie (D:8)
  A leopard gecko skeleton (D:8)
  5 orc zombies (D:8)
17 creatures vanquished.

Grand Total: 240 creatures vanquished

Notes
Turn   | Place    | Note
-------+----------+-------------------------------------------
     0 | D:1      | Loge the Troll Monk began the quest for the Orb.
     0 | D:1      | Reached XP level 1. HP: 22/22 MP: 0/0
   161 | D:1      | Reached XP level 2. HP: 29/29 MP: 1/1
   874 | D:2      | Reached XP level 3. HP: 32/36 MP: 2/2
  1008 | D:2      | Reached skill level 4 in Unarmed Combat
  1160 | D:2      | Found a glowing silver altar of Zin.
  1174 | D:2      | Noticed a centaur
  1185 | D:2      | Killed a centaur
  1185 | D:2      | Reached XP level 4. HP: 20/45 MP: 3/3
  1357 | D:3      | Noticed an ogre
  1364 | D:3      | Killed an ogre
  1364 | D:3      | Reached skill level 5 in Unarmed Combat
  1364 | D:3      | Reached XP level 5. HP: 31/53 MP: 4/4
  1520 | D:3      | Noticed Gunterle's ghost (amateur OpFi)
  1548 | D:3      | Killed Gunterle's ghost
  1548 | D:3      | Reached skill level 6 in Unarmed Combat
  1548 | D:3      | Reached XP level 6. HP: 19/62 MP: 5/5
  1875 | D:3      | Found an opulent altar of Gozag.
  2383 | D:3      | Reached XP level 7. HP: 30/71 MP: 6/6
  2389 | D:3      | Reached skill level 7 in Unarmed Combat
  2786 | D:4      | Found a glowing golden altar of the Shining One.
  3089 | D:4      | Found a basalt altar of Yredelemnul.
  3170 | D:4      | Noticed an angel
  3178 | D:4      | Noticed a profane servitor
  3183 | D:4      | Became a worshipper of Yredelemnul the Dark
  3183 | D:4      | Reached * piety under Yredelemnul
  3183 | D:4      | Reached ** piety under Yredelemnul
  3196 | D:5      | Entered Level 5 of the Dungeon
  3286 | D:5      | Reached skill level 5 in Fighting
  3286 | D:5      | Reached skill level 8 in Unarmed Combat
  3309 | D:5      | Reached XP level 8. HP: 74/80 MP: 5/7
  3329 | D:5      | Noticed Duvessa
  3332 | D:5      | Noticed Dowan
  3336 | D:5      | Killed Dowan
  3346 | D:5      | Killed Duvessa
  3346 | D:5      | Reached skill level 1 in Invocations
  3594 | D:5      | Found a sand-covered staircase.
  3604 | Ossuary  | Entered an ossuary
  3862 | D:5      | Reached *** piety under Yredelemnul
  3988 | D:5      | You fall through a shaft!
  4129 | D:6      | Found a staircase to the Ecumenical Temple.
  4240 | D:6      | Reached skill level 1 in Shields
  4241 | D:6      | Found a blossoming altar of Fedhas.
  4334 | D:6      | Reached skill level 9 in Unarmed Combat
  4392 | D:6      | Found a sacrificial altar of Ru.
  4562 | Temple   | Entered the Ecumenical Temple
  4918 | D:7      | Received a gift from Yredelemnul (a mummy)
  5065 | D:7      | Reached XP level 9. HP: 81/89 MP: 10/10
  5112 | D:7      | Found a hazy altar of Hepliaklqana.
  5350 | D:7      | Reached skill level 10 in Unarmed Combat
  5394 | D:7      | Found a shattered altar of Ashenzari.
  5554 | D:7      | Found Suutozym's Book Shoppe.
  5870 | D:8      | Received a gift from Yredelemnul (4 flying skulls)
  5873 | D:8      | Found an ornate altar of the Wu Jian Council.
  5878 | D:8      | Reached **** piety under Yredelemnul
  5924 | D:8      | Found a bloodstained altar of Trog.
  5961 | D:8      | Found a radiant altar of Vehumet.
  6017 | D:8      | Found a stormy altar of Qazlal.
  6079 | D:8      | Noticed a queen bee
  6105 | D:8      | Killed a queen bee
  6106 | D:8      | Reached XP level 10. HP: 100/100 MP: 12/12
  6137 | D:8      | HP: 5/100 [killer bee (1)]
  6142 | D:8      | HP: 4/100 [killer bee (3)]
  6142 | D:8      | Slain by a centaur

Skill      XL: |  1  2  3  4  5  6  7  8  9 |
---------------+----------------------------+-----
Unarmed Combat | 4 5 6 8 9 10 | 10.8
Fighting       | 3 4 5 6 |  6.6
Invocations    | 2 4 |  4.4
Shields        | 1 3 |  3.6
Dodging        | |  2.4
Stealth        | |  1.0

Action                   |  1- 3 |  4- 6 |  7- 9 | 10-12 || total
-------------------------+-------+-------+-------+-------++-------
Melee: Unarmed           |    98 |   114 |   389 |    25 ||   626
       Punch             |       |     3 |     6 |       ||     9
Invok: Animate Remains   |       |       |     3 |       ||     3
       Recall Undead Sla |       |       |     4 |       ||     4
       Animate Dead      |       |       |     6 |     3 ||     9
       Stop Recall       |       |       |     1 |       ||     1
       Drain Life        |       |       |       |     1 ||     1
  Use: Scroll            |       |       |     7 |       ||     7
       Potion            |       |       |       |     1 ||     1
 Stab: Sleeping          |     9 |     3 |     1 |       ||    13
       Distracted        |       |       |       |     1 ||     1
  Eat: Chunk             |    16 |     9 |    39 |       ||    64
Armor: Robe              |    24 |    33 |    95 |     1 ||   153
Dodge: Dodged            |    52 |    48 |   124 |    33 ||   257
Block: Shield            |       |       |   103 |    28 ||   131
